Map: [TLMC15] Hardwire

Players

DRG - Winner!

  • Race: Zerg Zerg
  • League: Master

Solar

  • Race: Zerg Zerg
  • League: Master

Event: StayAtHome Story Cup #4

VOD

Have the link to the VOD?

Description

Time

  • Played on: Oct. 24, 2021, 8:12 a.m.
  • Length: 9:52

All games in this series

Show
View Real Time Build Order
Export as new Build Order

DRG Zerg - Winner!

Build Orders: Hatch First 

Get SALT Encoding   

  12  0:00  Drone  
  13  0:12  Overlord  
  13  0:17  Drone  
  14  0:30  Drone x2  
  16  0:47  Hatchery  
  15  0:51  Drone  
  15  0:54  Drone  
  17  0:57  Drone  
  18  1:08  Extractor  
  17  1:12  Spawning Pool  
  17  1:15  Drone  
  17  1:19  Drone  
  18  1:27  Drone  
  19  1:38  Drone  
  20  1:48  Drone  
  21  1:59  Queen x2  
  21  2:00  Overlord  
  21  2:01  Drone  
  26  2:10  Drone x2  
  26  2:11  Metabolic Boost  
  28  2:21  Drone, Zergling x2  
  30  2:31  Hatchery  
  30  2:33  Drone  
  30  2:35  Drone  
  31  2:43  Baneling Nest  
  30  2:46  Overlord  
  30  2:48  Drone  
  31  2:54  Drone x2  
  33  3:03  Drone  
  34  3:07  Drone x3  
  34  3:08  Zergling x4  
  39  3:13  Queen  
  39  3:17  Overlord  
  41  3:22  Evolution Chamber  
  41  3:23  Drone  
  41  3:25  Drone  
  42  3:28  Drone  
  42  3:30  Drone  
  44  3:35  Overlord  
  44  3:38  Drone  
  44  3:41  Drone x3  
  48  3:45  Drone x3  
  48  3:47  Drone  
  52  3:51  Zerg Melee Weapons Level 1  
  52  3:53  Drone  
  52  3:54  Drone  
  54  3:57  Zergling x2  
  54  4:01  Overlord  
  55  4:04  Drone  
  55  4:05  Drone  
  57  4:12  Zergling x4  
  57  4:13  Drone x3  
  57  4:14  Lair  
  62  4:21  Roach Warren  
  62  4:22  Drone x3  
  64  4:25  Baneling x2, Extractor x2  
  64  4:27  Zergling x2  
  63  4:34  Zergling x8  
  63  4:38  Zergling x4  
  65  4:43  Baneling  
  65  4:44  Baneling  
  62  4:45  Zergling x2  
  62  4:46  Zergling x6  
  62  4:47  Queen  
  62  4:52  Drone x5  
  73  4:54  Overlord  
  73  4:57  Extractor x2  
  71  5:01  Extractor  
  71  5:02  Overlord  
  71  5:07  Drone x3  
  71  5:11  Overlord  
  71  5:13  Drone x2  
  74  5:14  Drone  
  74  5:18  Spire  
  74  5:22  Drone  
  74  5:25  Drone x2  
  74  5:27  Drone x2  
  79  5:28  Drone  
  79  5:35  Drone x5  
  85  5:40  Zergling x2  
  86  5:44  Hatchery  
  86  5:48  Overlord, Zerg Melee Weapons Level 2  
  86  5:49  Zergling x4  
  87  5:55  Zergling x6  
  90  6:01  Overlord  
  89  6:05  Zergling x10  
  93  6:13  Zergling x2  
  93  6:14  Zergling x6  
  96  6:24  Drone x2  
  94  6:25  Overlord  
  94  6:32  Mutalisk x7  
  102  6:33  Extractor  
  102  6:34  Extractor, Zerg Flyer Weapons Level 1  
  102  6:37  Pneumatized Carapace  
  98  6:41  Mutalisk x2  
  102  6:47  Mutalisk  
  102  6:53  Zergling x14  
  108  6:57  Drone  
  108  7:01  Centrifugal Hooks  
  101  7:02  Queen  
  101  7:04  Drone x4  
  101  7:05  Drone  
  108  7:11  Drone x6  
  114  7:20  Mutalisk x3  
  114  7:22  Zergling x6  
  123  7:25  Hatchery  
  123  7:29  Drone x3  
  126  7:30  Drone  
  126  7:37  Overlord x2  
  126  7:38  Overlord  
  126  7:39  Overlord  
  126  7:42  Overlord  
  126  7:44  Overseer, Overlord  
  126  7:47  Overlord  
  126  7:52  Mutalisk  
  126  7:53  Overlord x2  
  126  7:57  Baneling x16  
  126  7:58  Zergling x2  
  126  7:59  Zergling x2  
  126  8:04  Mutalisk x3  
  134  8:09  Mutalisk x3  
  140  8:15  Zergling x12  
  146  8:20  Drone x2  
  146  8:26  Mutalisk x3  
  154  8:32  Drone x7  
  151  8:42  Baneling x7  
  151  8:45  Drone x3  
  154  8:49  Mutalisk x2, Infestation Pit  
  154  8:54  Zergling x18  
  166  8:59  Zergling x10  
  171  9:09  Extractor  
  166  9:10  Zergling x18  
  166  9:13  Extractor  
  166  9:16  Zergling x4  
  167  9:22  Mutalisk x4  
  177  9:24  Baneling  
  177  9:25  Baneling x13  
  177  9:28  Zergling x4  
  179  9:33  Zergling x4  
  179  9:34  Zergling x6  
Show
View Real Time Build Order
Export as new Build Order

Solar Zerg 

Build Orders: Hatch First 

Get SALT Encoding   

  12  0:00  Drone  
  13  0:12  Overlord  
  13  0:17  Drone  
  14  0:30  Drone x2  
  16  0:47  Hatchery  
  15  0:50  Drone  
  15  0:54  Drone  
  17  0:57  Drone  
  18  1:08  Extractor  
  17  1:12  Spawning Pool  
  17  1:15  Drone  
  17  1:19  Drone  
  18  1:28  Drone  
  19  1:40  Drone  
  20  1:51  Drone  
  21  1:59  Queen x2  
  21  2:00  Overlord, Zergling x2  
  26  2:10  Drone  
  26  2:11  Drone  
  26  2:12  Metabolic Boost  
  28  2:22  Drone x2  
  30  2:32  Hatchery  
  30  2:34  Drone  
  30  2:37  Drone  
  31  2:47  Drone  
  31  2:48  Baneling Nest  
  31  2:52  Overlord  
  31  2:54  Drone x2  
  33  3:03  Drone  
  33  3:05  Zergling x2  
  35  3:07  Drone  
  35  3:10  Queen  
  35  3:11  Drone  
  35  3:12  Drone  
  40  3:14  Zergling x2  
  40  3:15  Zergling x2  
  40  3:17  Drone  
  43  3:22  Overlord  
  43  3:24  Drone  
  44  3:32  Evolution Chamber  
  43  3:34  Overlord  
  43  3:36  Drone  
  43  3:41  Drone x2  
  46  3:42  Drone x2  
  46  3:45  Drone x2  
  46  3:46  Zergling x4  
  52  3:52  Overlord  
  52  3:58  Drone  
  52  3:59  Drone  
  52  4:01  Zerg Missile Weapons Level 1  
  54  4:02  Baneling  
  54  4:03  Drone  
  54  4:05  Overlord  
  55  4:10  Drone  
  55  4:11  Roach Warren  
  55  4:12  Drone x2  
  55  4:14  Drone, Zergling x2  
  55  4:17  Drone  
  60  4:23  Overlord  
  60  4:24  Drone x3  
  60  4:28  Lair, Extractor x2  
  60  4:29  Drone  
  60  4:31  Zergling x2  
  63  4:34  Drone  
  63  4:37  Drone  
  65  4:38  Zergling x2  
  65  4:43  Overlord  
  65  4:44  Drone  
  65  4:47  Drone x2  
  65  4:48  Baneling, Zergling x2  
  65  4:51  Zergling x8  
  71  4:54  Overlord  
  71  4:55  Drone x2  
  73  5:00  Extractor  
  73  5:01  Extractor  
  73  5:03  Pneumatized Carapace  
  73  5:06  Drone  
  72  5:08  Drone x2, Overlord  
  72  5:10  Drone  
  72  5:12  Drone  
  75  5:20  Drone  
  75  5:21  Overlord  
  75  5:22  Drone x6  
  75  5:26  Glial Reconstitution  
  75  5:27  Overseer, Overlord  
  75  5:28  Drone x2  
  83  5:29  Overlord, Extractor  
  83  5:34  Roach x2  
  86  5:40  Overseer  
  86  5:42  Drone  
  87  5:45  Drone  
  87  5:46  Roach, Evolution Chamber  
  89  5:50  Hatchery  
  89  5:51  Roach  
  89  5:53  Overlord  
  89  5:55  Drone x2  
  92  5:58  Zerg Missile Weapons Level 2  
  92  6:01  Overlord  
  92  6:08  Roach x3  
  92  6:09  Overlord  
  97  6:13  Hatchery  
  97  6:15  Infestation Pit, Zergling x10  
  97  6:23  Queen  
  97  6:24  Queen x2  
  98  6:26  Zerg Ground Armor Level 1  
  98  6:29  Roach x2  
  98  6:31  Roach  
  98  6:32  Roach  
  101  6:33  Roach  
  101  6:35  Roach  
  101  6:39  Drone  
  103  6:41  Drone  
  103  6:42  Spore Crawler  
  103  6:48  Spore Crawler  
  103  6:53  Drone x2  
  103  6:57  Drone  
  103  6:58  Spore Crawler  
  103  6:59  Drone, Queen  
  103  7:00  Spore Crawler  
  104  7:05  Queen, Hive  
  104  7:07  Spore Crawler  
  103  7:08  Infestor x3  
  103  7:14  Spore Crawler  
  108  7:17  Spore Crawler x2  
  108  7:18  Roach x2  
  108  7:21  Overlord  
  110  7:26  Drone x2  
  110  7:27  Spore Crawler  
  110  7:29  Drone  
  112  7:30  Drone  
  112  7:31  Drone  
  112  7:32  Baneling, Hydralisk Den  
  112  7:34  Baneling, Drone  
  112  7:35  Drone  
  115  7:37  Spore Crawler  
  115  7:38  Queen  
  115  7:43  Queen  
  118  7:47  Roach x3  
  118  7:51  Infestor  
  122  7:58  Overlord  
  124  8:02  Overlord  
  124  8:05  Muscular Augments  
  124  8:07  Roach x3  
  124  8:09  Overlord  
  130  8:14  Hydralisk x3  
  130  8:18  Viper x2  
  142  8:23  Roach x5  
  142  8:26  Overlord  
  152  8:29  Spore Crawler  
  152  8:31  Roach x3  
  152  8:32  Extractor  
  151  8:35  Drone  
  151  8:39  Drone  
  141  8:48  Drone x5  
  145  8:52  Lurker Den, Extractor  
  143  8:56  Drone x2, Extractor x2  
  143  8:57  Drone x2  
  145  9:04  Overlord  
  145  9:12  Hydralisk  
  145  9:13  Hydralisk x3  
  145  9:15  Drone x2  
  145  9:16  Drone  
  133  9:20  Drone  
  134  9:26  Hydralisk  
  134  9:27  Hydralisk  
  134  9:30  Drone  
  135  9:34  Drone x2  
  136  9:38  Drone  
  136  9:39  Extractor  
Tags
 
Add a new tag
Caveats
  • Supply blocks, unpowered buildings, or Contaminate may cause inaccurate times.
  • Supply counts are checked every 10 seconds.